 Dungeon Crawl Stone Soup version 0.29-a0-100-g60f898f876 (webtiles) character file.

Game seed: 4351184339215590550

544 lunkers the Spear-Bearer (level 7, 0/55 HPs)
             Began as a Merfolk Gladiator on Feb 14, 2022.
             Slain by a bat (1 damage)
             ... summoned by Eustachio
             ... on level 5 of the Dungeon.
             The game lasted 00:08:30 (4710 turns).

lunkers the Spear-Bearer (Merfolk Gladiator)        Turns: 4710, Time: 00:08:31

Health: 0/55       AC:  9    Str: 14      XL:     7   Next: 27%
Magic:  7/7        EV: 13    Int:  8      God:
Gold:   285        SH:  0    Dex: 16 (17) Spells: 6/6 levels left

rFire   + . .      SeeInvis .   a - +0 trident (vamp)
rCold   . . .      Faith    .   (no shield)
rNeg    . . .      Spirit   .   n - +0 ring mail
rPois   .          Reflect  .   c - +0 helmet
rElec   .          Harm     .   s - +2 cloak
rCorr   .          Rampage  .   (no gloves)
Will    .....                   (no boots)
Stlth   +.........              (no amulet)
HPRegen 0.18/turn               f - ring of protection from fire
MPRegen 0.10/turn               (no ring)

@: no status effects
A: (nimble swimmer 2), mertail
a: no special abilities


You were on level 5 of the Dungeon.
You visited 1 branch of the dungeon, and saw 5 of its levels.

You collected 285 gold pieces.

Inventory:

Hand Weapons
 a - a +0 vampiric trident (weapon)
Missiles
 d - 3 throwing nets
Armour
 c - a +0 helmet (worn)
 n - a +0 ring mail (worn)
 s - a +2 cloak (worn)
Jewellery
 f - a ring of protection from fire (left hand)
Wands
 j - a wand of iceblast (11)
Scrolls
 b - a scroll of silence {unknown}
 e - a scroll of vulnerability
 g - 3 scrolls of holy word
 h - 5 scrolls of teleportation
 k - 2 scrolls of magic mapping
Potions
 i - 3 potions of berserk rage
 l - 2 potions of haste
 m - 2 potions of magic
 o - a potion of curing
 p - a potion of attraction {unknown}
 q - 3 potions of heal wounds
 r - a potion of cancellation {unknown}


   Skills:
 + Level 4.6 Fighting
 * Level 8.8 Polearms
 - Level 2.0 Throwing
 + Level 6.3 Dodging


You had 6 spell levels left.
You didn't know any spells.
Your spell library contained the following spells:

 Spells                   Type           Power      Damage    Failure   Level
 Foxfire                  Conj/Fire      0%         2x1d4     65%         1
 Conjure Flame            Conj/Fire      0%         6-21      95%         3
 Inner Flame              Hex/Fire       0%         N/A       95%         3
 Flame Wave               Conj/Fire      0%         2d4       100%        4


Dungeon Overview and Level Annotations

Branches:
Dungeon (5/15)
 Temple: D:4-7

Altars:
Kikubaaqudgha

Annotations:
D:5 Eustachio


Innate Abilities, Weirdness & Mutations

((You are very nimble when in or above water. (Stealth+, EV+, Speed+++)))
Your lower body shifts to a powerful aquatic tail in water.


Message History

The quokka completely misses you. The bat closely misses you.
Reach: a) +0 trident (vamp)
Press: ? - help, Dir - move target, f/p - Eustachio
Aim: Eustachio, wielding a +0 rapier and wearing a +0 leather armour (almost dead, about 44% to evade your +0 vampiric trident)
You completely miss Eustachio.
Eustachio is almost dead.
The bat misses you. The bat barely misses you. The quokka closely misses you.
Eustachio hits you with a +0 rapier.
* * * LOW HITPOINT WARNING * * *
The quokka completely misses you. The iron imp misses you.
Reach: a) +0 trident (vamp)
Press: ? - help, Dir - move target, f/p - Eustachio
Aim: Eustachio, wielding a +0 rapier and wearing a +0 leather armour (almost dead, about 44% to evade your +0 vampiric trident)
You completely miss Eustachio.
Eustachio is almost dead.
The iron imp disappears in a puff of smoke!
The bat misses you.
The quasit bites you but does no damage.
The quasit claws you but does no damage. x2
The quokka completely misses you.
The quokka bites you but does no damage.
Eustachio hits you with a +0 rapier.
* * * LOW HITPOINT WARNING * * *
Reach: a) +0 trident (vamp)
Press: ? - help, Dir - move target, f/p - Eustachio
Aim: Eustachio, wielding a +0 rapier and wearing a +0 leather armour (blue smoke, almost dead, about 44% to evade your +0 vampiric trident)
You closely miss Eustachio.
Eustachio is almost dead.
The bat misses you. The quasit closely misses you. The quasit claws you.
* * * LOW HITPOINT WARNING * * *
The quasit misses you. The quokka misses you. x2
Eustachio mumbles some strange words.
Eustachio blinks!
The ufetubus hits you but does no damage.
The ufetubus misses you.
Reach: a) +0 trident (vamp)
Press: ? - help, Dir - move target, f - quokka, p - Eustachio
Aim: a quokka (summoned, about 44% to evade your +0 vampiric trident)
You barely miss the quokka. The bat completely misses you. The bat hits you.
You die...

##....###......#..#
..######......###.# ###
#..#...###.## ####
#####...##..###...##
##...#...†.....#
#.......†......
##.............
##..b.5.........
#...r@5...>....#
#.....rb5........#
#..@)............# ###
#../............## #..
#....$..........# ##..
#..............######...
#.................##....
##............####......
..... ##.....


You could see Eustachio, a quasit (summoned), a white imp (summoned), an
ufetubus (summoned), 2 quokkas and 2 bats.

Vanquished Creatures
  Sigmund (D:3)
  A howler monkey (D:5)
  A bullfrog zombie (D:5)
  2 jellies
  A centaur skeleton (D:4)
  Jessica (D:3)
  An iguana (D:5)
  Terence (D:2)
  A hound skeleton (D:4)
  6 adders
  An adder skeleton (D:4)
  A worm (D:3)
  4 dart slugs
  6 orcs
  4 bats
  8 endoplasms
  3 giant cockroaches
  2 goblins
  6 hobgoblins
  2 jackals (D:3)
  3 quokkas (D:3)
  5 ball pythons
  A frilled lizard (D:3)
  11 kobolds
  7 rats
80 creatures vanquished.

Notes
Turn   | Place    | Note
-------+----------+-------------------------------------------
     0 | D:1      | lunkers the Merfolk Gladiator began the quest for the Orb.
     0 | D:1      | Reached XP level 1. HP: 16/16 MP: 1/1
   166 | D:1      | Reached XP level 2. HP: 20/23 MP: 2/2
   354 | D:1      | Reached skill level 5 in Polearms
   926 | D:2      | Found an ancient bone altar of Kikubaaqudgha.
  1042 | D:2      | Reached XP level 3. HP: 28/28 MP: 3/3
  1049 | D:2      | Noticed Terence
  1059 | D:2      | Killed Terence
  1196 | D:2      | Found a faded altar of an unknown god.
  1306 | D:2      | Reached XP level 4. HP: 30/35 MP: 4/4
  1752 | D:3      | Reached skill level 6 in Polearms
  1866 | D:3      | Noticed Jessica
  1874 | D:3      | Killed Jessica
  2279 | D:3      | Reached skill level 5 in Dodging
  2317 | D:3      | Reached XP level 5. HP: 22/41 MP: 5/5
  2710 | D:3      | Noticed Sigmund
  2936 | D:3      | Killed Sigmund
  2937 | D:3      | Reached skill level 7 in Polearms
  2937 | D:3      | Reached XP level 6. HP: 35/48 MP: 6/6
  3380 | D:4      | Reached skill level 8 in Polearms
  4115 | D:5      | Entered Level 5 of the Dungeon
  4133 | D:5      | Reached XP level 7. HP: 48/55 MP: 7/7
  4665 | D:5      | Noticed Eustachio
  4708 | D:5      | HP: 2/55 [Eustachio (4)]
  4710 | D:5      | Slain by a bat

Illustrated notes

Levels and vault maps discovered:
D:1:      dpeg_arrival_ternary, layout_basic
D:2:      layout_basic, shapermc_ecumenical_altar_mp_ritualfount, basic_altar,
          uniq_terence
D:3:      layout_basic, gup_sewer_entry_bowl, kennysheep_donut, uniq_jessica,
          uniq_sigmund
D:4:      layout_loops_corners
D:5:      layout_cave_pods, uniq_blork_the_orc, uniq_eustachio, uniq_ijyb

Skill      XL: |  1  2  3  4  5  6 |
---------------+-------------------+-----
Polearms       | 5 6 7 8 |  8.8
Fighting       | 3 4 |  4.6
Dodging        | 5 6 |  6.3
Throwing       | |  2.0

Action                   |  1- 3 |  4- 6 |  7- 9 || total
-------------------------+-------+-------+-------++-------
Melee: Trident           |    79 |   194 |    49 ||   322
       Punch             |       |     1 |       ||     1
Throw: Throwing net      |     2 |       |       ||     2
  Use: Scroll            |     2 |     9 |       ||    11
 Stab: Sleeping          |     2 |     4 |       ||     6
       Held in net/web   |     2 |       |       ||     2
Armor: Leather armour    |    13 |    50 |     1 ||    64
       Ring mail         |       |       |    38 ||    38
Dodge: Dodged            |    37 |    93 |    72 ||   202

Table legend: (Time is in decaauts)
 A = Elapsed time spent in this place.
 B = Non-inter-level travel time spent in this place.
 C = Inter-level travel time spent in this place.
 D = Time resting spent in this place.
 E = Time spent auto-exploring this place.
 F = Levels seen in this place.
 G = Mean time per level.
                   A        B        C        D        E       F      G
               +--------+--------+--------+--------+--------+-----+--------+
         Total |   4694 |   4363 |    331 |     54 |   3558 |   5 |  938.8 |
       Dungeon |   4694 |   4363 |    331 |     54 |   3558 |   5 |  938.8 |
               +--------+--------+--------+--------+--------+-----+--------+

Top non-repeatable levels by time:
     D:3: 1434 daAuts
     D:4: 1147 daAuts
     D:2: 950 daAuts
     D:1: 764 daAuts
     D:5: 397 daAuts
